Map: 아크로폴리스 - 래더

Players

lIIllllIIlll (INnoVation)

  • Race: Terran Terran
  • League: Master
  • Spawn Location: 5:00

herO - Winner!

  • Race: Protoss Protoss
  • League: Master
  • Spawn Location: 11:00

Event: 2019 Assembly Summer

VOD

Have the link to the VOD?

Description

Time

  • Played on: Aug. 2, 2019, 8:47 a.m.
  • Length: 6:07

All games in this series

Show
View Real Time Build Order
Export as new Build Order

lIIllllIIlll Terran 

Build Orders: Reaper Expand 

Get SALT Encoding   

  12  0:00  SCV  
  13  0:12  SCV  
  14  0:16  Supply Depot  
  14  0:24  SCV  
  15  0:38  SCV  
  15  0:40  Barracks  
  16  0:43  Refinery  
  16  0:50  SCV  
  17  1:02  SCV  
  18  1:14  SCV  
  19  1:27  Reaper, Orbital Command  
  20  1:50  Command Center  
  20  1:52  SCV  
  21  1:58  Supply Depot, Marine  
  22  2:08  Bunker, SCV  
  23  2:16  Factory  
  23  2:20  Barracks Reactor  
  23  2:21  SCV  
  24  2:30  Refinery  
  24  2:33  SCV  
  25  2:45  SCV  
  26  2:56  Marine x2  
  26  2:58  SCV  
  29  3:01  Widow Mine  
  29  3:05  Starport  
  31  3:11  Supply Depot  
  31  3:12  SCV  
  31  3:17  Marine  
  31  3:32  Marine  
  31  3:33  Widow Mine, SCV  
  35  3:35  Marine  
  36  3:43  Medivac  
  36  3:45  Orbital Command  
  36  3:46  SCV  
  39  3:50  Marine  
  39  3:52  Marine  
  39  3:54  Widow Mine  
  42  3:57  Barracks  
  42  3:59  SCV  
  43  4:08  Marine  
  44  4:10  Marine  
  44  4:12  SCV x2  
  44  4:14  Starport Tech Lab  
  44  4:15  Factory Tech Lab  
  47  4:20  Supply Depot  
  47  4:24  SCV x2  
  48  4:26  Barracks  
  48  4:30  Marine x2  
  51  4:33  Raven  
  51  4:37  SCV  
  54  4:41  SCV  
  54  4:42  Supply Depot  
  55  4:48  Engineering Bay  
  55  4:51  SCV  
  50  4:54  SCV  
  50  4:55  Marine x2  
  50  4:57  Marine  
  52  5:04  SCV  
  52  5:06  SCV  
  54  5:07  Refinery  
  54  5:13  Marine x2  
  56  5:15  Marine  
  56  5:19  SCV x2  
  59  5:29  Bunker, Marauder  
  59  5:31  Marine  
  59  5:33  Marauder  
  59  5:35  SCV x2  
  61  5:37  Starport Reactor  
  61  5:40  Factory Reactor  
Show
View Real Time Build Order
Export as new Build Order

herO Protoss - Winner!

Build Orders: Blink Stalkers 

Get SALT Encoding   

  12  0:00  Probe  
  13  0:12  Probe  
  14  0:17  Pylon  
  14  0:24  Probe  
  15  0:34  Probe  
  15  0:36  Gateway  
  15  0:42  Probe  
  16  0:47  Assimilator  
  17  0:52  Probe  
  18  0:58  Assimilator  
  18  1:04  Probe  
  19  1:16  Probe  
  20  1:22  Cybernetics Core  
  20  1:28  Probe  
  21  1:34  Pylon  
  21  1:40  Probe  
  21  1:46  Pylon  
  22  1:48  Adept  
  22  1:52  Probe  
  25  2:04  Probe  
  26  2:09  Adept  
  26  2:13  Twilight Council  
  26  2:15  Warp Gate  
  28  2:28  Nexus  
  28  2:38  Stalker  
  28  2:40  Blink  
  29  3:07  Gateway  
  29  3:10  Gateway  
  29  3:23  Probe  
  29  3:24  Robotics Facility  
  28  3:32  Stalker  
  30  3:35  Probe  
  30  3:38  Probe  
  32  3:46  Probe  
  32  3:47  Probe  
  33  3:54  Probe  
  34  3:59  Probe  
  36  4:04  Stalker  
  36  4:05  Pylon  
  36  4:07  Probe  
  39  4:10  Stalker  
  39  4:12  Warp Prism  
  41  4:18  Sentry  
  41  4:24  Probe  
  46  4:25  Probe  
  47  4:31  Stalker  
  47  4:35  Pylon  
  50  4:44  Stalker  
  51  4:46  Stalker  
  51  4:49  Observer  
  54  4:53  Probe x2  
  54  4:55  Pylon  
  54  4:58  Stalker  
  58  5:05  Probe x2  
  60  5:13  Stalker x2  
  64  5:17  Pylon  
  64  5:20  Probe x2  
  66  5:36  Probe x2  
  66  5:37  Stalker x3  
  72  5:48  Probe x2  
  72  6:00  Nexus  
Tags
 
Add a new tag
Caveats
  • Supply blocks, unpowered buildings, or Contaminate may cause inaccurate times.
  • Supply counts are checked every 10 seconds.